 Seeded DCSS version 0.27.1-37-g7b29ead8ac (webtiles) character file.

Game seed: 20230411 (custom seed)

15 FallenWisp the Skirmisher (level 2, -1/20 HPs)
             Began as a Gargoyle Chaos Knight on Apr 11, 2023.
             Was a Plaything of Xom.
             Frozen to death by an endoplasm (2 damage)
             ... on level 1 of the Dungeon.
             The game lasted 00:01:47 (164 turns).

FallenWisp the Skirmisher (Gargoyle Chaos Knight)    Turns: 164, Time: 00:01:50

Health: -1/20      AC: 11    Str: 15    XL:     2   Next: 50%
Magic:  2/2        EV:  6    Int: 12    God:    Xom [..*...]
Gold:   16         SH:  0    Dex:  9    Spells: 1/1 levels left

rFire    . . .     SeeInvis .   a - +0 falchion (chaos)
rCold    . . .     Faith    .   (no shield)
rNeg     + . .     Spirit   .   c - +0 chain mail
rPois    ∞         Reflect  .   (no helmet)
rElec    +         Harm     .   (no cloak)
rCorr    .         Rampage  .   (no gloves)
Will     .....                  (no boots)
Stlth    ..........             (no amulet)
HPRegen  0.06/turn              (no ring)
MPRegen  0.08/turn              (no ring)

@: no status effects
A: sickness immunity, AC +2, negative energy resistance 1, electricity
resistance, torment resistance 1, petrification resistance
a: Renounce Religion


You were on level 1 of the Dungeon.
You worshipped Xom.
You were a toy of Xom.
You visited 1 branch of the dungeon, and saw 1 of its levels.

You collected 16 gold pieces.

Inventory:

Hand Weapons
 a - a +0 falchion of chaos (weapon)
 d - a +0 dagger
Armour
 b - a +2 leather armour
 c - a +0 chain mail (worn)


   Skills:
 + Level 3.8 Fighting
 + Level 2.9 Long Blades
 + Level 2.3 Armour
 + Level 1.0 Dodging


You had one spell level left.
You didn't know any spells.
Your spell library was empty.

Dungeon Overview and Level Annotations

Branches:
Dungeon (1/15)

Altars:


Innate Abilities, Weirdness & Mutations

You are immune to sickness and miasma.
Your stone body is resilient. (AC +2)
You are immune to poison.
You resist negative energy. (rN+)
You are resistant to electric shocks. (rElec)
You are resistant to unholy torment.
You are immune to petrification.


Message History

The ball python bites you but does no damage.
The ball python barely misses you.
You hit the ball python. You burn the ball python.
You kill the ball python!
A rat comes into view.
Your chain mail prevents you from hitting the hobgoblin.
The hobgoblin completely misses you.
You riposte.
You hit the hobgoblin.
The hobgoblin is lightly wounded.
You hit the hobgoblin.
The hobgoblin is poisoned.
The hobgoblin is severely wounded.
You kill the hobgoblin!
The kobold hits you with a +0 short sword.
Your Dodging skill increases to level 1!
The endoplasm freezes you.
You are frozen.
The kobold barely misses you.
You see here a hobgoblin corpse.
You hit the rat. You freeze the rat.
You kill the rat!
The endoplasm freezes you.
You are frozen.
The kobold barely misses you. The endoplasm freezes you.
You are frozen.
The kobold hits you but does no damage.
You see here a rat corpse.
You hit the endoplasm.
The endoplasm is severely wounded.
The endoplasm freezes you.
You are frozen.
* * * LOW HITPOINT WARNING * * *
The kobold closely misses you. The endoplasm freezes you.
You are frozen.
* * * LOW HITPOINT WARNING * * *
Your chain mail prevents you from hitting the endoplasm.
The endoplasm is severely wounded.
The kobold hits you with a +0 short sword.
* * * LOW HITPOINT WARNING * * *
The endoplasm freezes you.
You are frozen.
You die... "This toy is broken."

......##.# ......##.#
##.......# #..###>.##
###.#.....############
###.....#.##...#.....#
...##...#......#.....#
...............#.....#
..........#....†@....#
........##.....KJ....#
.......#.#.....#.....#
.....##.#......#........
....#.##.......#.....###
####.#.#....####.......
#.#...... ...#.###.
..... ##....


You could see an endoplasm and a kobold.

Vanquished Creatures
  5 ball pythons (D:1)
  A giant cockroach (D:1)
  A goblin (D:1)
  A hobgoblin (D:1)
  A quokka (D:1)
  3 bats (D:1)
  4 rats (D:1)
16 creatures vanquished.

Notes
Turn   | Place    | Note
-------+----------+-------------------------------------------
     0 | D:1      | FallenWisp the Gargoyle Chaos Knight began the quest for
                  | the Orb.
     0 | D:1      | Reached XP level 1. HP: 14/14 MP: 1/1
    93 | D:1      | Reached XP level 2. HP: 19/19 MP: 2/2
   160 | D:1      | Reached skill level 1 in Dodging
   164 | D:1      | HP: 1/20 [kobold (1)]
   164 | D:1      | Frozen to death by an endoplasm

Illustrated notes

Levels and vault maps discovered:
D:1:      sevenhm_arrival_forest_fort_small_3, layout_rooms,
          minmay_misc_feat_secret_circle, minmay_surrounded

Skill      XL: |  1  2 |
---------------+-------+-----
Dodging        | 1 |  1.0
Fighting       | |  3.8
Long Blades    | |  2.9
Armour         | |  2.3

Action                   || total
-------------------------++-------
Melee: Falchion          ||    30
Armor: Chain mail        ||    19
       Leather armour    ||     7
Dodge: Dodged            ||    26
       Rpst.: Falchion   ||     8
